 Dungeon Crawl Stone Soup version 0.28-a0-1545-g945cd3f27e (webtiles) character file.

Game seed: 9177968431703936798

954 Essalna the Gusty (level 7, -1/58 HPs)
             Began as a Demigod Air Elementalist on Jan 18, 2022.
             Asphyxiated
             ... on level 5 of the Dungeon.
             The game lasted 00:08:38 (5224 turns).

Essalna the Gusty (Demigod Air Elementalist)        Turns: 5224, Time: 00:08:39

Health: -1/58      AC:  6    Str: 15    XL:     7   Next: 59%
Magic:  10/17      EV: 12    Int: 25    God:
Gold:   211        SH:  0    Dex: 14    Spells: 7/15 levels left

rFire   . . .      SeeInvis +   j - +0 dagger (elec)
rCold   . . .      Faith    .   (no shield)
rNeg    . . .      Spirit   .   a - +0 robe
rPois   .          Reflect  .   h - +0 helmet
rElec   .          Harm     .   x - +2 cloak
rCorr   .          Rampage  .   (no gloves)
Will    .....                   (no boots)
Stlth   ++........              l - amulet of regeneration
HPRegen 0.99/turn               p - ring of see invisible
MPRegen 0.15/turn               n - +6 ring of strength

@: lethally poisoned (-1 -> -16), hasted and slowed
A: high mp 1, forlorn, divine attributes
a: no special abilities


You were on level 5 of the Dungeon.
You visited 1 branch of the dungeon, and saw 5 of its levels.

You collected 211 gold pieces.

Inventory:

Hand Weapons
 j - a +0 dagger of electrocution (weapon)
Armour
 a - a +0 robe (worn)
 c - a +0 cloak
 h - a +0 helmet (worn)
 x - a +2 cloak (worn)
Magical Staves
 m - a staff of earth
Jewellery
 l - an amulet of regeneration (around neck)
 n - a +6 ring of strength (right hand)
 p - a ring of see invisible (left hand)
 t - a ring of ice
Wands
 u - a wand of mindburst (17)
Scrolls
 b - 2 scrolls of identify
 e - 2 scrolls of amnesia {unknown}
 f - a scroll of noise {unknown}
 o - a scroll of holy word {unknown}
 v - a scroll of teleportation {unknown}
 y - a scroll of magic mapping {unknown}
Potions
 g - 2 potions of attraction {unknown}
 i - a potion of might {unknown}
 k - 2 potions of brilliance {unknown}
 q - a potion of curing {unknown}
 r - a potion of lignification {unknown}
 s - 3 potions of heal wounds {unknown}
 w - a potion of magic {unknown}
 z - a potion of degeneration {unknown}


   Skills:
 + Level 3.7 Fighting
 - Level 1.7 Dodging
 - Level 1.7 Stealth
 + Level 4.5 Spellcasting
 - Level 3.0 Conjurations
 + Level 5.3 Air Magic


You had 7 spell levels left.
You knew the following spells:

 Your Spells              Type           Power      Damage    Failure   Level
a - Shock                 Conj/Air       100%       1d9       1%          1
b - Swiftness             Air            32%        N/A       2%          3
c - Airstrike             Air            16%        N/A       10%         4

Your spell library contained the following spells:

 Spells                   Type           Power      Damage    Failure   Level
 Static Discharge         Conj/Air       26%        N/A       2%          2
 Gell's Gravitas          Tloc           5%         N/A       26%         3
 Ozocubu's Armour         Ice            5%         N/A       26%         3
 Summon Guardian Golem    Hex/Summ       5%         N/A       26%         3
 Teleport Other           Tloc           5%         N/A       26%         3
 Tukima's Dance           Hex            5%         N/A       26%         3
 Anguish                  Hex/Necr       2%         N/A       65%         4
 Metabolic Englaciation   Hex/Ice        2%         N/A       94%         5
 Dispersal                Tloc           2%         N/A       100%        6
 Simulacrum               Ice/Necr       2%         N/A       100%        6
 Enfeeble                 Hex            2%         N/A       100%        7
 Orb of Destruction       Conj           10%        9d6       100%        7
 Spellforged Servitor     Conj/Summ      6%         N/A       100%        7


Dungeon Overview and Level Annotations

Branches:
Dungeon (5/15)
 Temple: D:4-7

Shops:
D:1 *[   D:5 [(


Innate Abilities, Weirdness & Mutations

You have an increased reservoir of magic. (+10% MP)
You shall have no god before yourself.
Your divine heritage dramatically boosts your attributes as you level up.


Message History

Aiming: Shock (safe; 1% risk of failure)
Press: ? - help, Shift-Dir - straight line, f/p - kobold brigand
Aim: a kobold brigand, wielding a +3 dagger and quivering curare-tipped darts (lightly wounded, 67% to hit)
Okay, then.
Unknown command.
You feel very sick.
The kobold brigand hits you with a +3 dagger.
* * * LOW HITPOINT WARNING * * *
You feel very sick.
The ogre shouts!
You feel sick.
The kobold brigand hits you with a +3 dagger.
* * * LOW HITPOINT WARNING * * *
You feel sick.
You feel sick. The kobold brigand barely misses you.
You feel sick.
You are no longer poisoned.
The kobold brigand throws a curare-tipped dart.
The curare-tipped dart barely misses you.
As you read the scroll labelled TIFESCHO KEPT, it crumbles to dust.
It is a scroll of identify.
d - a potion of haste The kobold brigand closely misses you.
You feel yourself speed up.
You feel yourself speed up.
The kobold brigand hits you with a +3 dagger.
* * * LOW HITPOINT WARNING * * *
The kobold brigand throws a curare-tipped dart.
The curare-tipped dart hits you.
You are poisoned.
You have difficulty breathing.
* * * LOW HITPOINT WARNING * * *
You feel yourself slow down.
You feel very sick.
You feel sick.
The kobold brigand throws a curare-tipped dart.
The curare-tipped dart hits you.
You are lethally poisoned!
You have difficulty breathing.
You die...

.. .# .# # #.# #.
######.####### # ...
...........># # #...
#.#.##.#...# #
#.##....###..........# # ..
#<..##@##.....# # #.#
###.#....)....# #
#..######.##.#......### #
#.#......##.#.#.##...## #
#####........##.#.#.#..†..##
#
#.............#K#..........#
#
####........#O####...∩)..##
# ##.####..#.............# #
## #..# #..#.#####)....#.#


You could see a kobold brigand and an ogre.

Vanquished Creatures
  A water moccasin (D:5)
  2 ogres (D:5)
  A water moccasin zombie (D:4)
  A water moccasin skeleton (D:5)
  2 bullfrog zombies
  Crazy Yiuf (D:4)
  A centaur skeleton (D:4)
  A jelly (D:5)
  A gnoll shaman (D:5)
  Terence (D:2)
  2 scorpion zombies (D:4)
  2 hound zombies (D:4)
  A hound skeleton (D:4)
  A howler monkey zombie (D:3)
  Robin (D:3)
  2 howler monkey skeletons (D:4)
  7 adders
  7 gnolls (D:5)
  2 adder skeletons (D:4)
  3 adder zombies (D:4)
  A dart slug (D:3)
  4 orcs
  4 endoplasms
  4 giant cockroaches
  12 hobgoblins
  2 jackals (D:1)
  2 kobolds
  2 quokkas (D:3)
  5 ball pythons
  5 bats
  6 frilled lizards
  18 goblins
  5 rats
110 creatures vanquished.

Vanquished Creatures (others)
  3 fungi (D:4)
  6 plants (D:5)
  3 withered plants (D:4)
12 creatures vanquished.

Grand Total: 122 creatures vanquished

Notes
Turn   | Place    | Note
-------+----------+-------------------------------------------
     0 | D:1      | Essalna the Demigod Air Elementalist began the quest for
                  | the Orb.
     0 | D:1      | Reached XP level 1. HP: 14/14 MP: 5/5
    90 | D:1      | Reached skill level 1 in Conjurations
   472 | D:1      | Reached XP level 2. HP: 20/20 MP: 2/7
   640 | D:1      | Reached skill level 3 in Air Magic
   661 | D:1      | Found Xaileonirukk's Antique Armour Shoppe.
   736 | D:1      | Found Erisape's General Store.
  1281 | D:2      | Reached XP level 3. HP: 26/26 MP: 0/9
  1856 | D:2      | Noticed Terence
  1862 | D:2      | Killed Terence
  1977 | D:2      | Reached XP level 4. HP: 33/33 MP: 3/10
  2542 | D:3      | Noticed Robin
  2558 | D:3      | Killed Robin
  2987 | D:3      | Reached XP level 5. HP: 39/39 MP: 5/12
  3189 | D:3      | Reached skill level 1 in Fighting
  3556 | D:4      | Reached skill level 4 in Air Magic
  3574 | D:4      | Learned a level 3 spell: Swiftness
  3579 | D:4      | Learned a level 4 spell: Airstrike
  3974 | D:4      | Reached XP level 6. HP: 48/48 MP: 7/14
  4548 | D:4      | Found a runed translucent door.
  4549 | D:4      | Noticed Crazy Yiuf
  4557 | D:4      | Killed Crazy Yiuf
  4648 | D:5      | Entered Level 5 of the Dungeon
  4920 | D:5      | Found Maded's Weapon Boutique.
  4929 | D:5      | Reached XP level 7. HP: 56/56 MP: 9/16
  5020 | D:5      | Reached skill level 5 in Air Magic
  5172 | D:5      | Found Voebupp's Armour Emporium.
  5224 | D:5      | Asphyxiated

Illustrated notes

Levels and vault maps discovered:
D:1:      dpeg_arrival_three_bigger_balls, layout_basic, serial_shops,
          nicolae_shop_overgrown_old_shop, nicolae_shop_waterfront
D:2:      layout_loops_ring, minmay_misc_feat_tiny,
          minmay_misc_feat_secret_circle, uniq_terence
D:3:      layout_loops_ring, fountainhead, minmay_cut_off, uniq_robin
D:4:      layout_loops_ring, serial_undead, serial_undead_a, serial_undead_d,
          serial_undead_b, serial_undead_c, serial_undead_d, serial_undead_f,
          uniq_crazy_yiuf_cottage
D:5:      minmay_evil_eye, layout_basic, serial_shops,
          nicolae_shop_bloodbath_and_beyond, nicolae_shop_crystal,
          chequers_jeans, guppyfry_early_lair_pool

Skill      XL: |  1  2  3  4  5  6  7 |
---------------+----------------------+-----
Conjurations   | 1 2 3 |  3.0
Spellcasting   | 2 3 4 |  4.5
Air Magic      | 3 4 5 |  5.3
Fighting       | 1 2 3 |  3.7
Dodging        | |  1.7
Stealth        | |  1.7

Action                   |  1- 3 |  4- 6 |  7- 9 || total
-------------------------+-------+-------+-------++-------
Melee: Unarmed           |    25 |       |       ||    25
       Dagger            |     5 |    46 |     6 ||    57
       Punch             |       |     1 |     1 ||     2
 Cast: Shock             |    85 |   178 |    34 ||   297
  Use: Scroll            |       |       |     1 ||     1
       Potion            |       |       |     1 ||     1
Armor: Robe              |    13 |    16 |     6 ||    35
Dodge: Dodged            |    23 |    31 |    14 ||    68

Table legend: (Time is in decaauts)
 A = Elapsed time spent in this place.
 B = Non-inter-level travel time spent in this place.
 C = Inter-level travel time spent in this place.
 D = Time resting spent in this place.
 E = Time spent auto-exploring this place.
 F = Levels seen in this place.
 G = Mean time per level.
                   A        B        C        D        E       F      G
               +--------+--------+--------+--------+--------+-----+--------+
         Total |   5227 |   5099 |    128 |      0 |   4381 |   5 | 1045.4 |
       Dungeon |   5227 |   5099 |    128 |      0 |   4381 |   5 | 1045.4 |
               +--------+--------+--------+--------+--------+-----+--------+

Top non-repeatable levels by time:
     D:3: 1243 daAuts
     D:1: 1162 daAuts
     D:4: 1142 daAuts
     D:2: 1100 daAuts
     D:5: 578 daAuts
